 Dungeon Crawl Stone Soup version 0.30.0-10-gfe55d96785 (webtiles) character file.

Game seed: 11238270348173685547

2902 Kenran the Carver (level 9, -6/55 HPs)
             Began as a Gargoyle Monk on May 15, 2023.
             Was a Priest of Okawaru.
             Mangled by a boulder beetle (25 damage)
             ... on level 7 of the Dungeon.
             The game lasted 00:13:26 (6975 turns).

Kenran the Carver (Gargoyle Monk)                   Turns: 6975, Time: 00:13:26

Health: -6/55      AC: 19    Str: 14    XL:     9   Next: 78%
Magic:  9/9        EV:  9    Int: 12    God:    Okawaru [***...]
Gold:   496        SH:  5    Dex: 16    Spells: 8/8 levels left

rFire   . . .        a - +0 long sword
rCold   . . .        d - orb {light}
rNeg    + . .        F - +0 plate armour
rPois   ∞            (no helmet)
rElec   +            (no cloak)
rCorr   .            (no gloves)
SInv    .            i - +2 pair of boots
Will    .....        y - amulet of reflection Stlth
                     f - +5 ring of evasion
HPRegen 0.29/turn    (no ring)
MPRegen 0.11/turn

%: reflection
@: glowing
A: sickness immunity, AC +6, negative energy resistance 1, electricity
resistance, torment resistance 1, petrification resistance
a: Renounce Religion, Heroism


You were on level 7 of the Dungeon.
You worshipped Okawaru.
Okawaru was most pleased with you.
You visited 2 branches of the dungeon, and saw 9 of its levels.
You also visited: Sewer.

You collected 496 gold pieces.

Inventory:

Hand Weapons
 a - a +0 long sword (weapon)
Armour
 d - an orb of light (worn)
 i - a +2 pair of boots (worn)
 F - a +0 plate armour (worn)
Jewellery
 f - a +5 ring of evasion (left hand)
 y - an amulet of reflection (around neck)
Wands
 p - a wand of digging (1)
Scrolls
 h - 5 scrolls of blinking
 n - a scroll of magic mapping
 o - 2 scrolls of fog
 q - a scroll of amnesia {unknown}
 r - 3 scrolls of enchant weapon
 u - a scroll of vulnerability {unknown}
 v - 2 scrolls of immolation {!r}
 w - a scroll of fear
 C - 3 scrolls of butterflies {unknown}
 D - a scroll of teleportation {unknown}
 E - a scroll of torment {unknown}
Potions
 b - a potion of curing {@q1}
 c - 2 potions of ambrosia
 e - a potion of might {unknown}
 g - a potion of flight
 j - a potion of haste {unknown}
 k - 5 potions of heal wounds {unknown}
 l - a potion of lignification {unknown}
 m - a potion of brilliance
 s - a potion of berserk rage {unknown}
 t - 2 potions of attraction {unknown}
 x - 3 potions of invisibility {unknown}
 z - a potion of cancellation {unknown}
 A - a potion of resistance {unknown}
 B - 2 potions of mutation {unknown}


   Skills:
 - Level 6.0 Fighting
 + Level 11.7 Long Blades
 - Level 2.4 Dodging


You had 8 spell levels left.
You didn't know any spells.
Your spell library contained the following spells:

 Spells                   Type           Power      Damage    Failure   Level
 Ensorcelled Hibernation  Hex/Ice        0%         N/A       100%        2
 Inner Flame              Hex/Fire       0%         N/A       100%        3
 Spider Form              Tmut/Pois      0%         N/A       100%        3
 Anguish                  Hex/Necr       0%         N/A       100%        4
 Flame Wave               Conj/Fire      0%         2d4       100%        4
 Sticky Flame             Conj/Fire      0%         2d3       100%        4


Dungeon Overview and Level Annotations

Branches:
Dungeon (8/15)             Temple (1/1) D:5           Sewer (visited)
   Lair: D:8-11

Altars:
Ashenzari
Cheibriados
Dithmenos
Elyvilon
Fedhas
Gozag
Kikubaaqudgha
Makhleb
Nemelex Xobeh
Okawaru
Qazlal
Ru
Sif Muna
Uskayaw
Vehumet
Wu Jian
Xom
Yredelemnul
Zin
The Shining One

Shops:
D:1 =   D:7 **

Annotations:
D:2 trove -> digging
D:6 grizmgrazm2's ghost, novice TrTm
D:8 Amaemon


Innate Abilities, Weirdness & Mutations

You are immune to sickness and miasma.
Your stone body is resilient. (AC +6)
You are immune to poison.
You resist negative energy. (rN+)
You are resistant to electric shocks. (rElec)
You are resistant to unholy torment.
You are immune to petrification.


Message History

You hit the boulder beetle.
The boulder beetle is heavily wounded.
You hit the boulder beetle but do no damage.
The boulder beetle is heavily wounded.
The boulder beetle bites you but does no damage.
You hit the boulder beetle.
The boulder beetle is heavily wounded.
You feel like a meek peon again. The boulder beetle bites you!
You hit the boulder beetle.
The boulder beetle is severely wounded.
You hit the boulder beetle but do no damage.
The boulder beetle is severely wounded.
The boulder beetle bites you!
* * * LOW HITPOINT WARNING * * *
You hit the boulder beetle.
The boulder beetle is severely wounded.
You block the boulder beetle's attack.
You hit the boulder beetle.
The boulder beetle is severely wounded.
The boulder beetle closely misses you.
You hit the boulder beetle but do no damage.
The boulder beetle is severely wounded.
The boulder beetle leaps!
The boulder beetle bites you but does no damage.
You hit the boulder beetle but do no damage.
The boulder beetle is severely wounded.
You hit the boulder beetle but do no damage.
The boulder beetle is severely wounded.
You block the boulder beetle's attack.
You hit the boulder beetle.
The boulder beetle is severely wounded.
The boulder beetle closely misses you.
You hit the boulder beetle but do no damage.
The boulder beetle is severely wounded.
The boulder beetle leaps!
The boulder beetle curls into a ball and begins rolling!
Okay, then.
The boulder beetle hits you!!
You die...

)###.......##.........##
.####......##..#......#
...#.......#..##......#
....###.....#.##.##...#
......................#
................°.....#
...............○.....###
................B......###
##..........>...@........#
##..................#....#
##.............#..####.###
...............#...#...###
.....##.......##.......#.#
....####.......#.........######
....#####..................#..##
.........................###...#
......<................#..##..##


You could see a boulder beetle (rolling).

Vanquished Creatures
  An orange demon (D:7)
  2 wyverns (D:7)
  A vampire (D:7)
  Menkaure (D:7)
  A black bear (D:6)
  4 ice beasts
  Pargi (Sewer)
  2 ogres (D:7)
  A centaur (D:7)
  A phantom (D:5)
  A wyvern zombie (D:6)
  2 scorpions
  2 water moccasin zombies (D:6)
  6 howler monkeys
  2 jellies
  A hound (D:6)
  2 bullfrog zombies (D:6)
  An iron imp (D:6)
  3 iguanas
  A sleepcap (D:6)
  Terence (D:3)
  3 orc wizards (D:5)
  A killer bee zombie (D:6)
  7 gnolls
  8 adders
  3 river rats (D:5)
  3 shadow imps
  A white imp (D:5)
  2 ufetubi (D:6)
  A worm (D:2)
  2 dart slugs
  2 orcs
  6 endoplasms
  2 giant cockroaches (D:5)
  3 goblins
  2 hobgoblins
  5 jackals
  5 quokkas
  9 ball pythons
  5 bats
  7 frilled lizards
  7 kobolds
  8 rats
129 creatures vanquished.

Notes
Turn   | Place    | Note
-------+----------+-------------------------------------------
     0 | D:1      | Kenran the Gargoyle Monk began the quest for the Orb.
     0 | D:1      | Reached XP level 1. HP: 14/14 MP: 1/1
   157 | D:1      | Reached skill level 3 in Long Blades
   260 | D:1      | Reached XP level 2. HP: 19/19 MP: 2/2
   504 | D:1      | Found Arairy's Jewellery Shoppe.
   812 | D:2      | Reached XP level 3. HP: 19/23 MP: 3/3
   880 | D:2      | Reached skill level 4 in Long Blades
  1190 | D:2      | Reached XP level 4. HP: 27/28 MP: 4/4
  1675 | D:3      | Found an opulent altar of Gozag.
  1677 | D:3      | Noticed Terence
  1693 | D:3      | Killed Terence
  1733 | D:3      | Found a broken altar of Ashenzari.
  1834 | D:3      | Found a shimmering blue altar of Sif Muna.
  1896 | D:3      | Found an ornate altar of the Wu Jian Council.
  1973 | D:3      | Found an ancient bone altar of Kikubaaqudgha.
  2271 | D:4      | Reached skill level 5 in Long Blades
  2271 | D:4      | Reached XP level 5. HP: 32/32 MP: 5/5
  2474 | D:4      | Reached skill level 6 in Long Blades
  2474 | D:4      | Reached XP level 6. HP: 37/37 MP: 6/6
  2556 | D:4      | Found a radiant altar of Vehumet.
  3031 | D:5      | Entered Level 5 of the Dungeon
  3242 | D:5      | Reached skill level 7 in Long Blades
  3242 | D:5      | Reached XP level 7. HP: 41/41 MP: 7/7
  3474 | D:5      | Found a glowing drain.
  3481 | Sewer    | Entered a sewer
  3527 | Sewer    | Noticed Pargi
  3552 | Sewer    | Killed Pargi
  3901 | D:5      | Found a staircase to the Ecumenical Temple.
  3910 | Temple   | Entered the Ecumenical Temple
  4035 | Temple   | Became a worshipper of Warmaster Okawaru
  4035 | Temple   | Reached * piety under Okawaru
  4035 | Temple   | Reached ** piety under Okawaru
  4380 | D:6      | Found a shimmering altar of Xom.
  4398 | D:6      | Reached skill level 8 in Long Blades
  4511 | D:6      | Identified the +8 scale mail "Olewut" {Harm}
  4725 | D:6      | Reached XP level 8. HP: 45/46 MP: 8/8
  4948 | D:6      | Found a glowing silver altar of Zin.
  5068 | D:6      | Found a snail-covered altar of Cheibriados.
  5093 | D:6      | Reached skill level 9 in Long Blades
  5161 | D:6      | Found a basalt altar of Yredelemnul.
  5200 | D:6      | Reached *** piety under Okawaru
  5553 | D:7      | Found a large runed translucent door.
  5553 | D:7      | Found a large runed translucent door.
  5561 | D:7      | Reached skill level 10 in Long Blades
  5588 | D:7      | Noticed a wyvern
  5595 | D:7      | Killed a wyvern
  5596 | D:7      | Reached XP level 9. HP: 50/52 MP: 7/9
  5631 | D:7      | Reached skill level 5 in Fighting
  5680 | D:7      | Found Veefos's General Store.
  5687 | D:7      | Found Xirchu's Specific Store.
  6100 | D:7      | Noticed Menkaure
  6105 | D:7      | Killed Menkaure
  6106 | D:7      | Reached skill level 11 in Long Blades
  6389 | D:7      | Found a sacrificial altar of Ru.
  6463 | D:7      | Noticed grizmgrazm2's ghost (novice TrTm)
  6687 | D:8      | Noticed an orange demon
  6688 | D:8      | Noticed Amaemon
  6828 | D:7      | Killed an orange demon
  6828 | D:7      | Reached **** piety under Okawaru
  6929 | D:8      | Noticed a boulder beetle
  6975 | D:7      | Mangled by a boulder beetle

Illustrated notes

Levels and vault maps discovered:
D:1:      dpeg_arrival_rhombi, layout_loops_ring,
          shapermc_ecumenical_altar_petra, serial_shops, nicolae_shop_crystal,
          serial_rivers, chequers_serial_rivers_large_a,
          chequers_serial_rivers_marsh, chequers_serial_rivers_micro_c,
          chequers_serial_rivers_room_a, chequers_serial_rivers_micro_e
D:2:      layout_basic, serial_forest, infiniplex_forest_zigzag_1,
          infiniplex_forest_lined_2, infiniplex_forest_lined_3_way,
          infiniplex_forest_end_2, infiniplex_forest_clump_double,
          infiniplex_forest_zigzag_2, infiniplex_forest_clump_small,
          due_unseen_surprise
D:3:      layout_basic, mainiacjoe_overflow_alcove_1, ashenzari_altar_1,
          mainiacjoe_overflow_alcove_2, old_standard_altar,
          nicolae_gozag_seed_capital, minivault_23, minmay_door_square,
          uniq_terence
D:4:      layout_rooms, kennysheep_mini
D:5:      layout_gridville, lemuel_temple_firewalk_b, portal_sewer_entry_e
D:6:      layout_basic, mainiacjoe_overflow_tiny_flanked, slow_altar_2,
          nicolae_yredelemnul_corpse_copse, zin_treasury, serial_glass,
          glass_columns_a, glass_columns_b, minmay_strange_pillars
D:7:      layout_cave_pools, kennysheep_little_box, ebering_ghost_disaster_area,
          nicolae_specific_store, uniq_menkaure
D:8:      minmay_evil_eye, layout_basic, gammafunk_ghost_hive, uniq_erica,
          uniq_gastronok, uniq_amaemon, uniq_pikel
Temple:   hellmonk_temple_beads

Skill      XL: |  1  2  3  4  5  6  7  8  9 |
---------------+----------------------------+-----
Long Blades    | 3 4 5 6 7 8 10 11 | 11.7
Fighting       | 4 6 |  6.0
Dodging        | |  2.4

Action                     |  1- 3 |  4- 6 |  7- 9 || total
---------------------------+-------+-------+-------++-------
  Melee: Falchion          |    89 |   173 |       ||   262
         Long sword        |       |     3 |   308 ||   311
 Invoke: Heroism           |       |       |     3 ||     3
  Evoke: Wand              |       |     1 |       ||     1
    Use: Scroll            |       |     5 |     6 ||    11
         Potion            |       |       |     4 ||     4
 Armour: Robe              |    18 |     1 |       ||    19
         Scale mail        |       |    50 |    59 ||   109
         Leather armour    |       |     3 |       ||     3
         Plate armour      |       |       |   121 ||   121
  Dodge: Dodged            |    79 |   119 |   200 ||   398
  Block: Orb               |       |     9 |    79 ||    88
         Reflection        |       |       |     3 ||     3
